 Dungeon Crawl Stone Soup version 0.30.1-4-g462c640d31 (webtiles) character file.

Game seed: 8356944814347234519

81 leafyfresh the Covert (level 4, 0/41 HPs)
             Began as a Gnoll Delver on Aug 10, 2023.
             Slain by a quokka (4 damage)
             ... on level 5 of the Dungeon.
             The game lasted 00:00:40 (179 turns).

leafyfresh the Covert (Gnoll Delver)                 Turns: 179, Time: 00:00:42

Health: 0/41       AC:  4    Str: 11    XL:     4   Next: 40%
Magic:  5/5        EV: 13    Int: 12    God:
Gold:   6          SH:  0    Dex: 13    Spells: 5/5 levels left

rFire   . . .        a - +0 short sword
rCold   . . .        (no shield)
rNeg    . . .        b - +0 leather armour
rPois   .            i - +0 helmet
rElec   .            (no cloak)
rCorr   +            (no gloves)
SInv    .            (no boots)
Will    .....        (no amulet)
Stlth   ++++         m - ring of resist corrosion
HPRegen 0.26/turn    (no ring)
MPRegen 0.09/turn

%: no passive effects
@: no status effects
A: fangs 1, strong nose, distributed training
a: no special abilities


You were on level 5 of the Dungeon.
You visited 1 branch of the dungeon, and saw 1 of its levels.

You collected 6 gold pieces.

Inventory:

Hand Weapons
 a - a +0 short sword (weapon)
Missiles
 h - 2 poisoned darts
 l - 4 boomerangs (quivered)
Armour
 b - a +0 leather armour (worn)
 i - a +0 helmet (worn)
Jewellery
 m - a ring of resist corrosion (left hand)
Wands
 g - a wand of digging (3)
Scrolls
 c - a scroll of fog
 d - a scroll of magic mapping
 e - a scroll of fear
 j - a scroll of identify {unknown}
 k - a scroll of noise {unknown}
Potions
 f - a potion of haste


   Skills:
 + Level 6.6 Fighting
 + Level 4.6 Short Blades
 + Level 1.2 Long Blades
 + Level 1.2 Axes
 + Level 1.2 Maces & Flails
 + Level 1.2 Polearms
 + Level 1.2 Staves
 + Level 1.2 Ranged Weapons
 + Level 1.2 Throwing
 + Level 1.2 Armour
 + Level 4.6 Dodging
 + Level 9.6 Stealth
 + Level 1.2 Shields
 + Level 1.2 Unarmed Combat
 + Level 1.2 Spellcasting
 + Level 1.0 Conjurations
 + Level 1.0 Hexes
 + Level 1.0 Summonings
 + Level 1.0 Necromancy
 + Level 1.0 Translocations
 + Level 1.0 Transmutations
 + Level 1.0 Fire Magic
 + Level 1.0 Ice Magic
 + Level 1.0 Air Magic
 + Level 1.0 Earth Magic
 + Level 1.0 Poison Magic
 + Level 1.3 Invocations
 + Level 1.2 Evocations


You had 5 spell levels left.
You didn't know any spells.
Your spell library was empty.

Dungeon Overview and Level Annotations

Branches:
Dungeon (5/15)
 Temple: D:4-7

Altars:


Innate Abilities, Weirdness & Mutations

You have very sharp teeth.
Your uncanny sense of smell can sniff out nearby items.
Your experience applies equally to all skills.


Message History

The gnoll is almost dead.
The quokka bites you but does no damage.
The gnoll completely misses you. The gnoll hits you with a +0 club.
You closely miss the gnoll.
The gnoll is almost dead.
The quokka bites you.
Unknown command.
You closely miss the gnoll.
The gnoll is almost dead.
The gnoll hits you with a +0 club!
* * * LOW HITPOINT WARNING * * *
The gnoll barely misses you.
The quokka bites you but does no damage.
You hit the gnoll but do no damage.
The gnoll is almost dead.
The gnoll closely misses you. The gnoll hits you with a +0 club.
* * * LOW HITPOINT WARNING * * *
The quokka completely misses you.
Unknown command.
You closely miss the gnoll.
The gnoll is almost dead.
The quokka closely misses you. The gnoll misses you.
The gnoll completely misses you.
Unknown command.
You barely miss the gnoll. You bite the gnoll, but do no damage.
The gnoll is almost dead.
The quokka bites you but does no damage.
Unknown command.
You hit the gnoll but do no damage. Your bite misses the gnoll.
The gnoll is almost dead.
The gnoll barely misses you. The gnoll hits you with a +0 spear.
* * * LOW HITPOINT WARNING * * *
The quokka completely misses you.
Unknown command.
You closely miss the gnoll.
The gnoll is almost dead.
The gnoll hits you with a +0 spear.
* * * LOW HITPOINT WARNING * * *
The gnoll closely misses you. The quokka bites you.
You die...

#..... .... ....
... #.# #
##.##.##..
##gr.......
#..@g......
######..##.#.##.
#.......##.# ##
#.#####.#.(#..#
... #.# ##...#
#.# #..
#...##..### #.#
#. #..)..# #.#
#. #.##..# #.#
... # #.######.#
..#


You could see 2 gnolls and a quokka.

Vanquished Creatures
  2 hounds (D:5)
  A gnoll (D:5)
  An adder (D:5)
4 creatures vanquished.

Notes
Turn   | Place    | Note
-------+----------+-------------------------------------------
     0 | D:5      | Reached skill level 9 in Stealth
     0 | D:5      | leafyfresh the Gnoll Delver began the quest for the Orb.
     0 | D:5      | Reached XP level 1. HP: 23/23 MP: 1/1
    12 | D:5      | Noticed a hound
    20 | D:5      | Killed a hound
    21 | D:5      | Reached XP level 2. HP: 29/29 MP: 1/3
    21 | D:5      | Reached XP level 3. HP: 35/35 MP: 1/4
   108 | D:5      | Reached skill level 1 in Long Blades
   108 | D:5      | Reached skill level 1 in Axes
   108 | D:5      | Reached skill level 1 in Maces & Flails
   108 | D:5      | Reached skill level 1 in Polearms
   108 | D:5      | Reached skill level 1 in Staves
   108 | D:5      | Reached skill level 1 in Ranged Weapons
   108 | D:5      | Reached skill level 1 in Throwing
   108 | D:5      | Reached skill level 1 in Armour
   108 | D:5      | Reached skill level 1 in Shields
   108 | D:5      | Reached skill level 1 in Unarmed Combat
   108 | D:5      | Reached skill level 1 in Spellcasting
   108 | D:5      | Reached skill level 1 in Invocations
   108 | D:5      | Reached skill level 1 in Evocations
   108 | D:5      | Reached XP level 4. HP: 41/41 MP: 5/5
   165 | D:5      | Reached skill level 1 in Conjurations
   165 | D:5      | Reached skill level 1 in Hexes
   165 | D:5      | Reached skill level 1 in Summonings
   165 | D:5      | Reached skill level 1 in Necromancy
   165 | D:5      | Reached skill level 1 in Translocations
   165 | D:5      | Reached skill level 1 in Transmutations
   165 | D:5      | Reached skill level 1 in Fire Magic
   165 | D:5      | Reached skill level 1 in Ice Magic
   165 | D:5      | Reached skill level 1 in Air Magic
   165 | D:5      | Reached skill level 1 in Earth Magic
   165 | D:5      | Reached skill level 1 in Poison Magic
   179 | D:5      | Slain by a quokka

Illustrated notes

Levels and vault maps discovered:
D:5:      layout_rooms, minmay_temple_entry_fiery

Skill      XL: |  1  2  3  4 |
---------------+-------------+-----
Stealth        | |  9.6
Long Blades    | 1 |  1.2
Axes           | 1 |  1.2
Maces & Flails | 1 |  1.2
Polearms       | 1 |  1.2
Staves         | 1 |  1.2
Ranged Weapons | 1 |  1.2
Throwing       | 1 |  1.2
Armour         | 1 |  1.2
Shields        | 1 |  1.2
Unarmed Combat | 1 |  1.2
Spellcasting   | 1 |  1.2
Invocations    | 1 |  1.3
Evocations     | 1 |  1.2
Conjurations   | 1 |  1.0
Hexes          | 1 |  1.0
Summonings     | 1 |  1.0
Necromancy     | 1 |  1.0
Translocations | 1 |  1.0
Transmutations | 1 |  1.0
Fire Magic     | 1 |  1.0
Ice Magic      | 1 |  1.0
Air Magic      | 1 |  1.0
Earth Magic    | 1 |  1.0
Poison Magic   | 1 |  1.0
Fighting       | |  6.6
Short Blades   | |  4.6
Dodging        | |  4.6

Action                     |  1- 3 |  4- 6 || total
---------------------------+-------+-------++-------
  Melee: Short sword       |     2 |    21 ||    23
         Bite              |       |     2 ||     2
   Stab: Sleeping          |     2 |     1 ||     3
 Armour: Leather armour    |       |     4 ||     4
  Dodge: Dodged            |       |    20 ||    20
